 Dungeon Crawl Stone Soup version 0.18-a0-1702-gd20c6a5 (webtiles) character file.

52 suvakkihuora the Slasher (level 3, 0/28 HPs)
             Began as a Vampire Warper on Apr 7, 2016.
             Succumbed to an adder's poison
             ... on level 2 of the Dungeon.
             The game lasted 00:02:38 (1248 turns).

suvakkihuora the Slasher (Vampire Warper)           Turns: 1248, Time: 00:02:39

Health: 0/28       AC:  3    Str: 11    XL:     3   Next: 60%
Magic:  6/6        EV: 11    Int: 15    God:
Gold:   64         SH:  0    Dex: 11    Spells: 1 memorised, 5 levels left

rFire  . . .     SeeInvis +     a - +0 falchion
rCold  . . .     Gourm    .     b - +0 leather armour
rNeg   . . .     Faith    .     (no shield)
rPois  .         Spirit   .     (no helmet)
rElec  .         Dismiss  .     (no cloak)
rCorr  .         Reflect  .     (no gloves)
SustAt .         Harm     .     (no boots)
MR     .....                    (no amulet)
Stlth  +.........               (no ring)
                                p - -2 ring of dexterity (curse)

@: lethally poisoned (0 -> -3), regenerating quickly, not resistant to hostile
enchantments, very unstealthy
A: fangs 3, see invisible, unbreathing
a: no special abilities


You were on level 2 of the Dungeon.
You were full.

You visited 1 branch of the dungeon, and saw 2 of its levels.

You collected 64 gold pieces.

Inventory:

Hand Weapons
 a - a +0 falchion (weapon)
 h - a +0 dagger of freezing
Missiles
 e - 5 tomahawks of dispersal (quivered)
Armour
 b - a +0 leather armour (worn)
Jewellery
 p - a cursed -2 ring of dexterity (left hand)
Scrolls
 d - a scroll of blinking
 i - a scroll of teleportation {unknown}
 l - a scroll of magic mapping {unknown}
 m - a scroll of enchant armour {unknown}
 n - 2 scrolls of identify {unknown}
 o - a scroll of random uselessness {unknown}
Potions
 f - 8 potions of blood
 g - a potion of might {unknown}
 j - a potion of haste {unknown}
 k - 2 potions of mutation {unknown}
 q - a potion of curing {unknown}
Books
 c - a book of Spatial Translocations

   Spells                             Type                      Level
   a - Apportation                    Translocation                1
   b - Blink                          Translocation                2
   c - Shroud of Golubria             Charms/Translocation         2
   d - Portal Projectile              Translocation                3
   e - Teleport Other                 Translocation                3
   f - Passage of Golubria            Translocation                4


   Skills:
 + Level 2.6 Fighting
 * Level 3.3 Long Blades
 - Level 0.7 Throwing
 - Level 0.7 Armour
 - Level 2.1 Dodging
 - Level 2.0 Spellcasting
 - Level 2.4 Translocations


You had 5 spell levels left.
You knew the following spells:

 Your Spells              Type           Power        Failure   Level  Hunger
a - Apportation           Tloc           #.........   14%         1    #......


Dungeon Overview and Level Annotations

Branches:
Dungeon (2/15)

Altars:
Qazlal
Yredelemnul


Innate Abilities, Weirdness & Mutations

Your natural rate of healing is unusually fast.
You have razor-sharp teeth.
You have supernaturally acute eyesight.
You can survive without breathing.


Message History

The adder bites you but does no damage.
You miss the adder.
The adder is moderately wounded.
The adder bites you but does no damage. The adder closely misses you.
You closely miss the adder.
The adder is moderately wounded.
You feel sick. The adder bites you.
* * * LOW HITPOINT WARNING * * *
You miss the adder.
The adder is moderately wounded.
The adder bites you.
* * * LOW HITPOINT WARNING * * *
You are more poisoned.
The adder poisons you!
You miss the adder.
The adder is moderately wounded.
The adder closely misses you. The adder bites you but does no damage.
You hit the adder.
The adder is heavily wounded.
You die...

......#.###.#
#...........#.
#....>.......
...........# #
..........#.####
............... ###.#
#..).#
####.#.###....#
#......@Sr.[..#
####.#.(###.#.#
#.#..# #.#.# #.#..#
#.#.# #.#..###.#.#
##########..........#
#...................
##########.#..###..#
#.#..# .......#


You could see an adder and a rat.

Vanquished Creatures
  An ooze (D:1)
  2 worms (D:2)
  A dart slug (D:1)
  4 giant geckos
  2 goblins (D:2)
  6 hobgoblins
  A quokka (D:2)
  5 bats
  3 giant newts
  6 kobolds
  5 rats
36 creatures vanquished.

Notes
Turn   | Place    | Note
--------------------------------------------------------------
     0 | D:1      | suvakkihuora the Vampire Warper began the quest for the Orb.
     0 | D:1      | Reached XP level 1. HP: 16/16 MP: 3/3
   234 | D:1      | Reached XP level 2. HP: 22/22 MP: 5/5
   494 | D:1      | Reached skill level 3 in Long Blades
   723 | D:2      | Reached XP level 3. HP: 28/28 MP: 6/6
   985 | D:2      | Found a stormy altar of Qazlal.
  1026 | D:2      | Found a basalt altar of Yredelemnul.
  1246 | D:2      | HP: 1/28 [adder (4)]
  1248 | D:2      | Succumbed to an adder's poison

Vault maps used:
D:1:      dpeg_arrival_rooms_c
D:2:      nicolae_overflow_crystal_walls, nicolae_qazlal_eye_of_the_storm

Skill      XL: |  1  2 |
---------------+-------+-----
Fighting       | 2 |  2.6
Long Blades    | 3 |  3.3
Throwing       | |  0.7
Armour         | |  0.7
Dodging        | |  2.1
Spellcasting   | |  2.0
Translocations | |  2.4

Action                   || total
-------------------------++-------
Melee: Falchion          ||   111
 Stab: Sleeping          ||     2
  Eat: Corpse            ||     8
